 Dungeon Crawl Stone Soup version 0.32-a0-814-g0968bab981 (webtiles) character file.

Game seed: 289474849299738547

864 Orlauf the Twirler (level 7, -8/57 HPs)
             Began as a Demonspawn Gladiator on Mar 22, 2024.
             Mangled by a two-headed ogre
             ... wielding a +0 giant spiked club
              (13 damage)
             ... on level 5 of the Dungeon.
             The game lasted 00:05:25 (4525 turns).

Orlauf the Twirler (Demonspawn Gladiator)           Turns: 4525, Time: 00:05:26

Health: -8/57      AC: 10    Str: 17    XL:     7   Next: 72%
Magic:  0/16       EV:  9    Int:  8    God:
Gold:   234        SH:  0    Dex: 14    Spells: 6/6 levels left

rFire   . . .        a - +1 quarterstaff
rCold   . . .        (shield currently unavailable)
rNeg    . . .        k - +0 scale mail
rPois   .            c - +0 helmet
rElec   .            (no cloak)
rCorr   .            (no gloves)
SInv    .            (no boots)
Will    .....        o - amulet of guardian spirit Stlth
                     g - ring of magical power
HPRegen 0.29/turn    (no ring)
MPRegen 0.15/turn

%: guardian spirit
@: no status effects
A: icy blue scales 2, demonic magic 1
a: no special abilities


You were on level 5 of the Dungeon.
You visited 1 branch of the dungeon, and saw 5 of its levels.

You collected 234 gold pieces.

Inventory:

Hand Weapons
 a - a +1 quarterstaff (weapon)
Missiles
 e - a javelin
Armour
 c - a +0 helmet (worn)
 k - a +0 scale mail (worn)
Jewellery
 g - a ring of magical power (left hand)
 o - an amulet of guardian spirit (around neck)
Wands
 f - a wand of polymorph (9)
Scrolls
 h - a scroll of immolation
 j - 6 scrolls of teleportation
 l - a scroll of revelation
 m - a scroll of summoning
 n - a scroll of vulnerability {unknown}
 p - a scroll of poison
Potions
 b - a potion of curing
 i - a potion of heal wounds
 q - a potion of enlightenment {unknown}


   Skills:
 * Level 5.7 Fighting
 + Level 6.4 Staves
 - Level 1.7 Throwing
 + Level 1.9 Armour
 - Level 2.6 Dodging


You had 6 spell levels left.
You didn't know any spells.
Your spell library contained the following spells:

 Spells                   Type           Power      Damage    Failure   Level
 Blink                    Tloc           0%         N/A       92%         2
 Ensorcelled Hibernation  Hex/Ice        0%         N/A       92%         2
 Lesser Beckoning         Tloc           0%         N/A       92%         2
 Momentum Strike          Conj/Tloc      0%         3d8       92%         2
 Fugue of the Fallen      Necr           0%         N/A       99%         3
 Passwall                 Erth           0%         N/A       99%         3
 Volatile Blastmotes      Fire/Tloc      0%         2d10      99%         3
 Anguish                  Hex/Necr       0%         N/A       100%        4
 Bombard                  Conj/Erth      0%         9d1       100%        6


Dungeon Overview and Level Annotations

Branches:
Dungeon (5/15)
 Temple: D:4-7

Altars:
Trog

Shops:
D:5 [

Annotations:
D:3 1 runed translucent door, Pokonic1's ghost, amateur OnSh


Innate Abilities, Weirdness & Mutations

You are mostly covered in icy blue scales. (AC +3)
Spells you cast may paralyse adjacent enemies.


Message History

The two-headed ogre hits you but does no damage.
You sock the two-headed ogre!
The two-headed ogre is moderately wounded.
You completely miss the two-headed ogre.
The two-headed ogre is moderately wounded.
The two-headed ogre hits you with a +0 giant spiked club!!
The two-headed ogre closely misses you.
You are too injured to fight recklessly!
You are too injured to fight recklessly!
You are too injured to fight recklessly!
You are too injured to fight recklessly!
You are too injured to fight recklessly!
You are too injured to fight recklessly!
You are too injured to fight recklessly!
You are too injured to fight recklessly!
You are too injured to fight recklessly!
Throw: throwing net
Press: ? - help, Q - select action, (/) - cycle Shift-Dir - straight line, f - two-headed ogre
Aim: a two-headed ogre, wielding a +0 giant spiked club and a +0 giant club (moderately wounded, 73% to hit)
You throw a throwing net.
The throwing net barely misses the two-headed ogre.
The throwing net hits the adder.
The adder is caught in the net!
The adder struggles against the net.
The two-headed ogre hits you with a +0 giant spiked club.
* * * LOW HITPOINT WARNING * * *
The two-headed ogre closely misses you.
It was a potion of heal wounds.
You feel much better.
The adder struggles against the net. x2
You barely miss the two-headed ogre.
The two-headed ogre is moderately wounded.
The two-headed ogre barely misses you.
The two-headed ogre hits you with a +0 giant club!!
The adder struggles against the net.
The net rips apart, and the adder comes free!
You hit the two-headed ogre.
The two-headed ogre is heavily wounded.
The two-headed ogre hits you with a +0 giant spiked club!!
* * * LOW HITPOINT WARNING * * *
The two-headed ogre hits you with a +0 giant club!
You die...

# .##>#...........#
##.#. #.#..........##
....#. #....##.....##
.#.....##...........#
...................#
...#..............#
#.#................#
##....#..............#
.....SO@..##+##....#.#
###...##.## ####.#.#
..... ### .# # ...# ##
.#


You could see a two-headed ogre and an adder.

Vanquished Creatures
  An ice beast (D:5)
  A black bear (D:4)
  A centaur (D:4)
  A phantom (D:4)
  A scorpion (D:5)
  3 orc priests
  2 hounds (D:5)
  2 sleepcaps (D:4)
  3 iguanas
  2 orc wizards (D:5)
  5 adders
  A shadow imp (D:5)
  5 dart slugs
  A ribbon worm (D:4)
  7 orcs
  8 bats
  6 endoplasms
  4 giant cockroaches
  6 goblins
  12 hobgoblins
  2 jackals (D:4)
  3 quokkas
  7 ball pythons
  A frilled lizard (D:2)
  8 kobolds
  5 rats
98 creatures vanquished.

Vanquished Creatures (others)
  An arcanist (D:3)
1 creature vanquished.

Grand Total: 99 creatures vanquished

Notes
Turn   | Place    | Note
-------+----------+-------------------------------------------
     0 | D:1      | Orlauf the Demonspawn Gladiator began the quest for the
                  | Orb.
     0 | D:1      | Reached XP level 1. HP: 16/16 MP: 1/1
   104 | D:1      | Reached skill level 3 in Staves
   112 | D:1      | Gained mutation: You are partially covered in icy blue
                  | scales. (AC +2) [demonic ancestry]
   112 | D:1      | Reached XP level 2. HP: 22/22 MP: 2/2
   654 | D:1      | Reached XP level 3. HP: 28/28 MP: 3/3
  1313 | D:2      | Reached XP level 4. HP: 27/35 MP: 4/4
  1316 | D:2      | Reached skill level 4 in Staves
  1719 | D:3      | Noticed Pokonic1's ghost (amateur OnSh)
  1723 | D:3      | Found a runed translucent door.
  2051 | D:3      | Found a bloodstained altar of Trog.
  2052 | D:3      | Noticed a wizard
  2058 | D:3      | Killed a wizard
  2782 | D:4      | Gained mutation: You are mostly covered in icy blue scales.
                  | (AC +3) [demonic ancestry]
  2782 | D:4      | Reached XP level 5. HP: 3/41 MP: 5/5
  3046 | D:4      | Noticed a phantom
  3129 | D:4      | Killed a phantom
  3130 | D:4      | Reached skill level 5 in Staves
  3143 | D:4      | Gained mutation: Spells you cast may paralyse adjacent
                  | enemies. [demonic ancestry]
  3143 | D:4      | Reached XP level 6. HP: 22/48 MP: 6/6
  3763 | D:4      | Reached skill level 6 in Staves
  4082 | D:5      | Entered Level 5 of the Dungeon
  4151 | D:5      | Reached XP level 7. HP: 55/55 MP: 7/7
  4187 | D:5      | Reached skill level 5 in Fighting
  4187 | D:5      | Reached skill level 1 in Armour
  4451 | D:5      | Found Asummay's Antique Armour Shop.
  4505 | D:5      | Noticed a two-headed ogre
  4525 | D:5      | Mangled by a two-headed ogre

Illustrated notes

Levels and vault maps discovered:
D:1:      amcnicky_arrival_abandoned_market, layout_loops_corners
D:2:      layout_basic
D:3:      layout_loops_ring, trog_wizard, hellmonk_ghost_happy_afterlife
D:4:      layout_loops_cross, hangedman_abyss_or_decor_stagger
D:5:      cheibrodos_quashed, layout_rooms, minmay_temple_entry_glass,
          serial_shops, shop, mrwooster_statue_mirror, dk_noncrumbling_3,
          amethyst_killhole, kennysheep_flooded_box, minmay_holes,
          kennysheep_generic_room_4

Skill      XL: |  1  2  3  4  5  6  7 |
---------------+----------------------+-----
Staves         | 3 4 5 6 |  6.4
Fighting       | 3 4 5 |  5.7
Armour         | 1 |  1.9
Throwing       | |  1.7
Dodging        | |  2.6

Action                     |  1- 3 |  4- 6 |  7- 9 || total
---------------------------+-------+-------+-------++-------
  Melee: Quarterstaff      |   123 |   210 |    64 ||   397
  Throw: Throwing net      |       |     4 |     1 ||     5
    Use: Scroll            |     3 |     7 |       ||    10
         Potion            |       |       |     1 ||     1
 Armour: Ring mail         |    93 |    22 |       ||   115
         Leather armour    |     2 |       |       ||     2
         Scale mail        |       |   155 |    49 ||   204
  Dodge: Dodged            |    64 |   108 |    32 ||   204

Table legend: (Time is in decaauts)
 A = Elapsed time spent in this place.
 B = Non-inter-level travel time spent in this place.
 C = Inter-level travel time spent in this place.
 D = Time resting spent in this place.
 E = Time spent auto-exploring this place.
 F = Levels seen in this place.
 G = Mean time per level.
                   A        B        C        D        E       F      G
               +--------+--------+--------+--------+--------+-----+--------+
         Total |   4552 |   4450 |    102 |    576 |   3002 |   5 |  910.4 |
       Dungeon |   4552 |   4450 |    102 |    576 |   3002 |   5 |  910.4 |
               +--------+--------+--------+--------+--------+-----+--------+

Top non-repeatable levels by time:
     D:4: 1323 daAuts
     D:3: 1073 daAuts
     D:1: 1006 daAuts
     D:2: 707 daAuts
     D:5: 442 daAuts
